 Dungeon Crawl Stone Soup version 0.31-a0-948-gf5be29c462 (webtiles) character file.

Game seed: 146997148842013668

63 Descartes the Changeling (level 3, -2/26 HPs)
             Began as a Demonspawn Shapeshifter on Oct 21, 2023.
             Slain by a rat (3 damage)
             ... on level 2 of the Dungeon.
             The game lasted 00:02:02 (927 turns).

Descartes the Changeling (Demonspawn Shapeshifter)   Turns: 927, Time: 00:02:02

Health: -2/26      AC:  2    Str: 14    XL:     3   Next: 89%
Magic:  7/7        EV: 12    Int: 15    God:
Gold:   94         SH:  0    Dex: 12    Spells: 7/7 levels left

rFire   . .          .
                       - Unarmed
rCold   . . .        (no shield)
rNeg    . . .        a - +0 animal skin
rPois   .            (helmet currently unavailable)
rElec   .            (cloak currently unavailable)
rCorr   .            (gloves currently unavailable)
SInv    .            (boots currently unavailable)
Will    .....        (no amulet)
Stlth   +            (no ring)
HPRegen 0.24/turn    (no ring)
MPRegen 0.10/turn

%: no passive effects
@: beast-form
A: beast (slay +1), powered by death 1, big brain 1
a: Begin Untransformation


You were on level 2 of the Dungeon.
You were a hulking beast.
You visited 1 branch of the dungeon, and saw 2 of its levels.

You collected 94 gold pieces.

Inventory:

Hand Weapons
 f - a +0 heavy hand axe
 i - a +1 whip of electrocution
 p - a +2 short sword of protection
Missiles
 o - 6 poisoned darts
Armour
 a - a +0 animal skin (worn)
 h - a +0 pair of gloves
Talismans
 c - a beast talisman (active)
 d - a flux talisman
Scrolls
 e - a scroll of fog {unknown}
 j - a scroll of enchant armour {unknown}
 k - a scroll of enchant weapon {unknown}
 l - 2 scrolls of identify {unknown}
 n - a scroll of amnesia {unknown}
Potions
 b - a potion of lignification
 g - a potion of attraction {unknown}
 m - a potion of curing {unknown}


   Skills:
 - Level 1.0 Fighting
 - Level 1.7 Dodging
 - Level 2.6 Unarmed Combat
 + Level 2.6 Spellcasting
 - Level 3.1 Shapeshifting


You had 7 spell levels left.
You didn't know any spells.
Your spell library was empty.

Dungeon Overview and Level Annotations

Branches:
Dungeon (2/15)

Altars:

Annotations:
D:2 Natasha


Innate Abilities, Weirdness & Mutations

You are a hulking beast.
Your limbs bulge with bestial killing power. (Slay +1)
You regenerate a little health from kills.
You have an unusually large brain. (Int +2)


Message History

The endoplasm is severely wounded.
The rat barely misses you. The endoplasm freezes you.
You are frozen.
You hit the endoplasm but do no damage.
The endoplasm is severely wounded.
The rat bites you. The endoplasm hits you.
You are too injured to fight recklessly!
You are too injured to fight recklessly!
You are too injured to fight recklessly!
You are too injured to fight recklessly!
You are too injured to fight recklessly!
You are too injured to fight recklessly!
You are too injured to fight recklessly!
You are too injured to fight recklessly!
You are too injured to fight recklessly!
You are too injured to fight recklessly!
You are too injured to fight recklessly!
You are too injured to fight recklessly!
You are too injured to fight recklessly!
You are too injured to fight recklessly!
Unknown command.
You are too injured to fight recklessly!
You barely miss the rat. The rat bites you.
Unknown command.
You barely miss the rat. The endoplasm barely misses you. The rat bites you.
You closely miss the rat. The endoplasm hits you. The rat bites you.
Unknown command.
You barely miss the rat. The endoplasm freezes you.
You are frozen.
* * * LOW HITPOINT WARNING * * *
The rat attacks as it pursues you! The rat bites you.
* * * LOW HITPOINT WARNING * * *
The endoplasm attacks as it pursues you!
The endoplasm closely misses you. The rat attacks as it pursues you!
The rat bites you.
* * * LOW HITPOINT WARNING * * *
The rat attacks as it pursues you! The rat bites you.
You die...

###.##..# ###.#†##.##.....
.......### #...(....##..##.
#.......###...##.###...###
#..#..................### #
.....#....####.###...... # #.
#.#...##.####.# #..#### .. #.
#...J##..#....###..###.
...##.####.##.##.........#####..
..............rh....####...##..#
........##†###.##.### ##....##
h?##.......###.##.# ##..##
#...####......#.# ######..#
.....# #.####...# #.....<##
...## #.# #..### #.####.## ..
#.# #..)†###.# #..# # #.#
##<.#.....# ##.##
#.###....###..## #..#


You could see a rat.

Vanquished Creatures
  Natasha (D:2)
  2 dart slugs (D:1)
  A ball python (D:2)
  2 endoplasms (D:1)
  3 giant cockroaches
  5 hobgoblins
  A quokka (D:2)
  3 bats
  2 frilled lizards (D:2)
  2 goblins (D:1)
  6 kobolds
  5 rats
33 creatures vanquished.

Notes
Turn   | Place    | Note
-------+----------+-------------------------------------------
     0 | D:1      | Descartes the Demonspawn Shapeshifter began the quest for
                  | the Orb.
     0 | D:1      | Reached XP level 1. HP: 15/15 MP: 1/1
   100 | D:1      | Reached skill level 3 in Shapeshifting
   226 | D:1      | Gained mutation: You have an unusually large brain. (Int
                  | +2) [demonic ancestry]
   226 | D:1      | Reached XP level 2. HP: 21/21 MP: 2/2
   396 | D:1      | Reached skill level 1 in Spellcasting
   706 | D:2      | Gained mutation: You regenerate a little health from kills.
                  | [demonic ancestry]
   706 | D:2      | Reached XP level 3. HP: 26/26 MP: 5/5
   741 | D:2      | Noticed Natasha
   749 | D:2      | Killed Natasha
   910 | D:2      | Noticed Natasha
   926 | D:2      | HP: 1/26 [rat (2)]
   927 | D:2      | Slain by a rat

Illustrated notes

Levels and vault maps discovered:
D:1:      minmay_arrival_hallway, layout_basic
D:2:      layout_rooms, basic_altar, uniq_natasha

Skill      XL: |  1  2  3 |
---------------+----------+-----
Shapeshifting  | 3 |  3.1
Spellcasting   | 1 2 |  2.6
Fighting       | |  1.0
Dodging        | |  1.7
Unarmed Combat | |  2.6

Action                     || total
---------------------------++-------
  Melee: Unarmed           ||   124
         Punch             ||     3
 Armour: Animal skin       ||    58
  Dodge: Dodged            ||    78

Table legend: (Time is in decaauts)
 A = Elapsed time spent in this place.
 B = Non-inter-level travel time spent in this place.
 C = Inter-level travel time spent in this place.
 D = Time resting spent in this place.
 E = Time spent auto-exploring this place.
 F = Levels seen in this place.
 G = Mean time per level.
                   A        B        C        D        E       F      G
               +--------+--------+--------+--------+--------+-----+--------+
         Total |    920 |    902 |     18 |      0 |    640 |   2 |  460.0 |
       Dungeon |    920 |    902 |     18 |      0 |    640 |   2 |  460.0 |
               +--------+--------+--------+--------+--------+-----+--------+

Top non-repeatable levels by time:
     D:1: 655 daAuts
     D:2: 265 daAuts
